 Dungeon Crawl Stone Soup version 0.18.1-50-g88ac8fd (webtiles) character file.

39 toucherabbit the Insei (level 3, 0/23 HPs)
             Began as an Octopode Transmuter on Jan 6, 2017.
             Succumbed to an adder's poison
             ... on level 2 of the Dungeon.
             The game lasted 00:07:02 (1288 turns).

toucherabbit the Insei (Octopode Transmuter)        Turns: 1288, Time: 00:07:03

Health: 0/23       AC:  1    Str:  9    XL:     3   Next: 45%
Magic:  6/6        EV: 18    Int: 16    God:
Gold:   100        SH:  0    Dex: 17    Spells: 3 memorised, 0 levels left

rFire  . . .     SeeInvis .     d - +0 dagger
rCold  . . .     Gourm    .     (no shield)
rNeg   . . .     Faith    .     (helmet restricted)
rPois  .         Spirit   .     (no amulet)
rElec  .         Dismiss  .     (no ring)
rCorr  .         Reflect  .     (no ring)
SustAt .         Harm     .     (no ring)
MR     .....                    (no ring)
Stlth  ++++......               (no ring)
                                (no ring)
                                (no ring)
                                (no ring)

@: agile, lethally poisoned (0 -> -4), very slightly contaminated, invisible,
not resistant to hostile enchantments, stealthy
A: almost no armour, amphibious, 8 rings, constrict 8, camouflage 1, gelatinous
body 1
a: no special abilities


You were on level 2 of the Dungeon.
You were not hungry.

You visited 1 branch of the dungeon, and saw 2 of its levels.

You collected 100 gold pieces.

Inventory:

Hand Weapons
 d - a +0 dagger (weapon)
 q - a +0 hand axe
Missiles
 a - 28 arrows
 e - 15 poisoned needles
 j - 6 tomahawks (quivered)
Scrolls
 g - 2 scrolls of identify {unknown}
 i - a scroll of recharging
 k - a scroll of enchant armour {unknown}
 o - a scroll of teleportation {unknown}
Potions
 m - a potion of agility
Books
 b - a book of Changes

   Spells                             Type                      Level
   a - Beastly Appendage              Transmutation                1
   b - Sticks to Snakes               Transmutation                2
   c - Spider Form                    Transmutation/Poison         3
   d - Ice Form                       Ice/Transmutation            4
   e - Blade Hands                    Transmutation                5
Comestibles
 c - 2 bread rations
 f - a beef jerky
 n - a chunk of flesh


   Skills:
 + Level 1.3 Fighting
 + Level 2.2 Dodging
 + Level 0.8 Stealth
 + Level 3.4 Unarmed Combat
 + Level 2.4 Spellcasting
 + Level 2.3 Transmutations


You couldn't memorise any spells.
You knew the following spells:

 Your Spells              Type           Power        Failure   Level  Hunger
a - Beastly Appendage     Trmt           #.....       10%         1    #......
b - Sticks to Snakes      Trmt           #.......     14%         2    ###....
c - Spider Form           Trmt/Pois      #.........   38%         3    ###....


Dungeon Overview and Level Annotations

Branches:
Dungeon (2/15)

Altars:
Elyvilon


Innate Abilities, Weirdness & Mutations

You cannot wear most types of armour.
You are amphibious.
You can wear up to eight rings at the same time.
You can use your tentacles to constrict eight enemies at once.
Your skin changes colour to match your surroundings (Stealth).
Your rubbery body absorbs attacks (AC +1).


Message History

You fade into invisibility!
You are very lightly contaminated with residual magic.
It was a potion of magic.
Magic courses through your body.
* * * LOW HITPOINT WARNING * * *
You feel sick.
Unknown command.
Inscribe with what?
Okay, then.
* * * LOW HITPOINT WARNING * * *
You feel sick.
A goblin comes into view. It is wielding a dagger.
* * * LOW HITPOINT WARNING * * *
You feel sick.
You see here 8 gold pieces.
Mmm...
Pepperoni.
As you read the scroll labeled OMOAXU SUMENA, it crumbles to dust.
It is a scroll of recharging.
You aren't carrying any rechargeable items.
You die...

... g.. .... ....
#..###### . #......######
. #....@....# .
##>........# ..
##).........# ..
#.##..†........# ..
#....########### .#
##.###........#
.#####.............######
.##....####.............#
.##.#######........####.#


There were no monsters in sight!

Vanquished Creatures
  An adder (D:2)
  A worm (D:2)
  A ball python (D:1)
  4 giant cockroaches
  2 goblins (D:1)
  5 hobgoblins
  3 kobolds (D:2)
  3 bats (D:1)
  3 giant newts (D:1)
  3 rats
26 creatures vanquished.

Notes
Turn   | Place    | Note
--------------------------------------------------------------
     0 | D:1      | toucherabbit the Octopode Transmuter began the quest for the Orb.
     0 | D:1      | Reached XP level 1. HP: 13/13 MP: 3/3
   599 | D:1      | Reached XP level 2. HP: 18/18 MP: 3/5
  1168 | D:2      | Reached XP level 3. HP: 22/23 MP: 6/6
  1174 | D:2      | Learned a level 2 spell: Sticks to Snakes
  1178 | D:2      | Learned a level 3 spell: Spider Form
  1183 | D:2      | Found a white marble altar of Elyvilon.
  1285 | D:2      | HP: 1/23 [poisoned by an adder]
  1288 | D:2      | Succumbed to an adder's poison

Action                   || total
-------------------------++-------
Melee: Unarmed           ||    39
       Constrict         ||    20
       Kick              ||     7
       Tentacles         ||    13
       Punch             ||     2
       Dagger            ||    33
 Cast: Beastly Appendage ||     8
  Use: Potion            ||     3
       Scroll            ||     1
 Stab: Sleeping          ||     4
  Eat: Pizza             ||     1
       Chunk             ||     1
Armor: Skin              ||     5
Dodge: Dodged            ||    49
